 Dungeon Crawl Stone Soup version 0.26-a0-651-gb41185065b (webtiles) character file.

Game seed: 5357710582743773023

292 Lanoc the Sneak (level 6, -3/48 HPs)
             Began as a Formicid Brigand on Oct 2, 2020.
             Killed from afar by a white imp (12 damage)
             ... with a puff of frost
             ... on level 5 of the Dungeon.
             The game lasted 00:04:11 (3810 turns).

Lanoc the Sneak (Formicid Brigand)                  Turns: 3810, Time: 00:04:11

Health: -3/48      AC:  3    Str: 15    XL:     6   Next: 59%
Magic:  6/6        EV: 13    Int: 11    God:
Gold:   136        SH:  0    Dex: 14    Spells: 5/5 levels left

rFire    . . .     SeeInvis +   a - +2 dagger
rCold    . . .     Faith    .   (no shield)
rNeg     . . .     Spirit   .   b - +0 robe
rPois    .         Reflect  .   (helmet unavailable)
rElec    .         Harm     .   c - +0 cloak
rCorr    .         Rampage  .   (no gloves)
MR       .....                  (no boots)
Stlth    ++++......             (no amulet)
HPRegen  0.16/turn              (no ring)
MPRegen  0.10/turn              (no ring)

@: no status effects
A: permanent stasis, dig shafts and tunnels, four strong arms, antennae 3
a: Dig, Shaft Self


You were on level 5 of the Dungeon.
You visited 1 branch of the dungeon, and saw 5 of its levels.

You collected 136 gold pieces.

Inventory:

Hand Weapons
 a - a +2 dagger (weapon)
Missiles
 d - 18 poisoned darts (quivered)
 e - 2 curare-tipped darts
Armour
 b - a +0 robe (worn)
 c - a +0 cloak (worn)
Scrolls
 g - 3 scrolls of enchant weapon {unknown}
 h - 2 scrolls of identify {unknown}
 i - 2 scrolls of noise {unknown}
 k - 2 scrolls of remove curse {unknown}
 m - a scroll of fear {unknown}
 n - a scroll of teleportation {unknown}
 o - a scroll of fog {unknown}
 p - a scroll of enchant armour {unknown}
 q - a scroll of random uselessness {unknown}
Potions
 f - 2 potions of heal wounds
 j - a potion of mutation {unknown}
 l - 2 potions of curing {unknown}


   Skills:
 + Level 3.9 Fighting
 - Level 2.4 Short Blades
 - Level 2.0 Throwing
 + Level 2.6 Dodging
 * Level 7.4 Stealth


You had 5 spell levels left.
You didn't know any spells.
Your spell library was empty.

Dungeon Overview and Level Annotations

Branches:
Dungeon (5/15)
 Temple: D:4-7

Altars:

Shops:
D:5 ??


Innate Abilities, Weirdness & Mutations

You cannot be hasted, slowed, berserked, paralysed or teleported.
You can dig through walls and to a lower floor.
Your four strong arms can wield two-handed weapons with a shield.
You have a pair of large antennae on your head. (SInv)


Message History

The white imp is severely wounded.
You barely miss the white imp.
The white imp is severely wounded.
The white imp gestures at you. The puff of frost misses you.
You barely miss the white imp.
The white imp is severely wounded.
The white imp gestures at you. The puff of frost hits you!
* * * LOW HITPOINT WARNING * * *
You hit the white imp.
The white imp is almost dead.
The white imp gestures at you. The puff of frost hits you.
* * * LOW HITPOINT WARNING * * *
You barely miss the white imp.
The white imp is almost dead.
The white imp gestures at you. The puff of frost hits you!
You die...

..#.## #.............#
###### #....#
#.#.###.####### #....#
#.#.# #.#
#....####.#.###.#
#...)...#.#...#.#
#.....#.#.#...#.#####
#.....#.#.#...#.#.(.
......#.#.#...#.#5#
.##.#.#.......#.@.#
..#.#.#.......#####
#.#.#.#.......##
#...#.#........#
#...#.#........#
#...#.#........####
#...#.#.#+#.#..#..
#.....#.#......#.#
....###.###.##.#.#######


You could see a white imp.

Vanquished Creatures
  A centaur (D:4)
  6 worker ants
  A hound skeleton (D:4)
  A howler monkey skeleton (D:4)
  An adder (D:4)
  A leopard gecko (D:1)
  6 orcs
  2 ball pythons
  5 giant cockroaches
  4 goblins
  4 hobgoblins
  A quokka (D:4)
  4 bats
  A frilled lizard (D:3)
  4 kobolds (D:3)
  3 rats
45 creatures vanquished.

Notes
Turn   | Place    | Note
-------+----------+-------------------------------------------
     0 | D:1      | Lanoc the Formicid Brigand began the quest for the Orb.
     0 | D:1      | Reached XP level 1. HP: 16/16 MP: 1/1
    89 | D:1      | Reached skill level 1 in Dodging
    96 | D:1      | Reached skill level 5 in Stealth
   100 | D:1      | Reached XP level 2. HP: 6/23 MP: 2/2
   494 | D:3      | Reached XP level 3. HP: 28/28 MP: 3/3
   674 | D:3      | Reached XP level 4. HP: 34/34 MP: 4/4
  1393 | D:4      | Reached skill level 6 in Stealth
  1436 | D:4      | Reached XP level 5. HP: 13/41 MP: 5/5
  2501 | D:4      | Noticed a centaur
  2519 | D:4      | Killed a centaur
  2519 | D:4      | Reached skill level 7 in Stealth
  2519 | D:4      | Reached XP level 6. HP: 17/48 MP: 6/6
  3034 | D:5      | Entered Level 5 of the Dungeon
  3051 | D:5      | Found Usilicri's Magic Scroll Emporium.
  3587 | D:5      | Found Cyaginuk's Magic Scroll Emporium.
  3810 | D:5      | Killed from afar by a white imp

Illustrated notes

Levels and vault maps discovered:
D:1:      ncdulo_wetmaze, layout_basic
D:2:      layout_loops_ring, lemuel_coloured_pillars_altar, serial_bayou_pond_a,
          dk_vineyard_2
D:3:      layout_loops_ring, chequers_jeans
D:4:      layout_loops_ring
D:5:      layout_basic, serial_shops, shop_scrolls, shop, minivault_24,
          minivault_24

Skill      XL: |  1  2  3  4  5 |
---------------+----------------+-----
Dodging        | 1 2 |  2.6
Stealth        | 5 6 7 |  7.4
Fighting       | 3 |  3.9
Short Blades   | |  2.4
Throwing       | |  2.0

Action                   |  1- 3 |  4- 6 || total
-------------------------+-------+-------++-------
Melee: Dagger            |    34 |   125 ||   159
Throw: Dart              |     6 |    13 ||    19
  Use: Potion            |       |     1 ||     1
 Stab: Sleeping          |     8 |     6 ||    14
Armor: Robe              |     3 |    21 ||    24
Dodge: Dodged            |    17 |    62 ||    79

Table legend: (Time is in decaauts)
 A = Elapsed time spent in this place.
 B = Non-inter-level travel time spent in this place.
 C = Inter-level travel time spent in this place.
 D = Time resting spent in this place.
 E = Time spent auto-exploring this place.
 F = Levels seen in this place.
 G = Mean time per level.
                   A        B        C        D        E       F      G
               +--------+--------+--------+--------+--------+-----+--------+
         Total |   3798 |   3721 |     77 |    430 |   2844 |   5 |  759.6 |
       Dungeon |   3798 |   3721 |     77 |    430 |   2844 |   5 |  759.6 |
               +--------+--------+--------+--------+--------+-----+--------+

Top non-repeatable levels by time:
     D:4: 1833 daAuts
     D:3: 780 daAuts
     D:5: 773 daAuts
     D:1: 397 daAuts
     D:2: 14 daAuts
